 Dungeon Crawl Stone Soup version 0.29.1-12-g30fa7ad0bf (webtiles) character file.

Game seed: 7513315132444650381

2135 KittyFluff the Basher (level 9, -3/54 HPs)
             Began as a Gargoyle Berserker on Dec 25, 2022.
             Was a Priest of Trog.
             Killed by divine providence
             ... invoked by an orc priest
              (15 damage)
             ... on level 9 of the Dungeon.
             The game lasted 00:31:31 (7310 turns).

KittyFluff the Basher (Gargoyle Berserker)          Turns: 7310, Time: 00:31:32

Health: -3/54      AC: 15    Str: 25    XL:     9   Next: 30%
Magic:  9/9        EV: 12    Int:  8    God:    Trog [***...]
Gold:   182        SH:  0    Dex:  9    Spells: 8/8 levels left

rFire   . . .      SeeInvis .   I - +5 flail
rCold   . . .      Faith    .   (no shield)
rNeg    + . .      Spirit   .   H - +3 leather armour {Will+}
rPois   ∞          Reflect  .   L - +0 helmet
rElec   +          Harm     .   (no cloak)
rCorr   .          Rampage  .   (no gloves)
Will    +....                   O - +0 pair of boots
Stlth   ++........              (no amulet)
HPRegen 0.18/turn               h - ring of flight
MPRegen 0.11/turn               (no ring)

@: flying
A: sickness immunity, AC +6, negative energy resistance 1, electricity
resistance, torment resistance 1, petrification resistance
a: Renounce Religion, Berserk, Trog's Hand


You were on level 9 of the Dungeon.
You worshipped Trog.
Trog was most pleased with you.
You visited 1 branch of the dungeon, and saw 7 of its levels.
You also visited: Sewer.

You collected 222 gold pieces.
You spent 40 gold pieces at shops.

Inventory:

Hand Weapons
 a - a +0 mace
 I - a +5 flail (weapon)
Missiles
 c - 56 stones
 n - 8 poisoned darts (quivered)
Armour
 F - a +4 ring mail
 H - a +3 leather armour of willpower (worn)
 L - a +0 helmet (worn)
 O - a +0 pair of boots (worn)
Jewellery
 h - a ring of flight (left hand)
Wands
 b - a wand of mindburst (7)
 E - a wand of flame (15)
Scrolls
 g - 2 scrolls of teleportation {unknown}
 i - 2 scrolls of vulnerability {unknown}
 k - 2 scrolls of fear
 o - 2 scrolls of acquirement {unknown}
 q - a scroll of noise {unknown}
 r - 3 scrolls of amnesia {unknown}
 s - a scroll of torment {unknown}
 t - 2 scrolls of enchant armour
 u - a scroll of blinking {unknown}
 v - 2 scrolls of immolation {unknown}
 x - a scroll of magic mapping {unknown}
 y - a scroll of brand weapon {unknown}
 D - 2 scrolls of fog {unknown}
 K - a scroll of poison {unknown}
Potions
 d - 2 potions of haste
 e - 4 potions of curing
 f - 2 potions of flight
 j - a potion of degeneration
 l - a potion of ambrosia {unknown}
 m - 4 potions of heal wounds {unknown}
 p - a potion of mutation {unknown}
 w - 2 potions of might {unknown}
 z - 3 potions of resistance {unknown}
 A - 2 potions of lignification {unknown}
 B - a potion of cancellation {unknown}
 C - 2 potions of attraction
 G - a potion of berserk rage {unknown}
 J - 2 potions of invisibility {unknown}
 M - a potion of magic {unknown}
Miscellaneous
 N - a piece from Xom's chessboard (15/15)


   Skills:
 + Level 5.6 Fighting
 * Level 9.7 Maces & Flails
 + Level 0.4 Throwing
 * Level 5.3 Armour
 + Level 3.5 Dodging
 + Level 2.6 Stealth


You had 8 spell levels left.
You didn't know any spells.
Your spell library was empty.

Dungeon Overview and Level Annotations

Branches:
Dungeon (6/15)              Sewer (visited)
 Temple: D:4-7

Altars:
Dithmenos
Makhleb
Okawaru
Zin

Shops:
D:4 !

Annotations:
D:6 Maggie


Innate Abilities, Weirdness & Mutations

You are immune to sickness and miasma.
Your stone body is resilient. (AC +6)
You are immune to poison.
You resist negative energy. (rN+)
You are resistant to electric shocks. (rElec)
You are resistant to unholy torment.
You are immune to petrification.


Message History

A kobold comes into view. It is wielding a +0 short sword.
A killer bee comes into view.
The kobold brigand completely misses you.
The kobold moves out of view.
Things that are here:
a killer bee corpse; a killer bee corpse You barely miss the kobold brigand.
The kobold brigand misses you.
You sock the kobold brigand!
The kobold brigand is severely wounded.
You hear a shout!
The killer bee stings you but does no damage.
The kobold brigand barely misses you.
An orc priest comes into view. It is wielding a +0 mace.
The kobold misses you.
The killer bee stings you but does no damage.
You closely miss the killer bee. The killer bee misses you.
The kobold brigand hits you with a +0 short sword!
* * * LOW HITPOINT WARNING * * *
The kobold hits you but does no damage. The killer bee closely misses you.
You sock the killer bee!
The killer bee is heavily wounded.
The killer bee completely misses you. The kobold hits you but does no damage.
The orc priest casts a cantrip, but nothing happens.
The kobold brigand misses you. The killer bee closely misses you.
As you read the scroll labelled QIJUME HOAZATE, it crumbles to dust.
It is a scroll of enchant armour.
Your +2 leather armour of willpower glows green for a moment.
The killer bee completely misses you.
The kobold brigand hits you but does no damage.
The kobold barely misses you.
A kobold comes into view. It is wielding a +0 short sword.
The killer bee stings you.
* * * LOW HITPOINT WARNING * * *
As you read the scroll labelled IFUFISS ROTA, it crumbles to dust.
You assume a fearsome visage.
The killer bee looks frightened!
The kobold brigand looks frightened!
The kobold looks frightened! x2
It was a scroll of fear.
The orc priest invokes the aid of Beogh against you.
Beogh smites you!
You die...

... #.# #.. #.# #.#
#.# # #.#.##..# #
######@.<..... ###
#.†o........y. ..##
##.####.......#
.#.##
#...####.######
###.######......#.#
# ##......K..y..#y#
# #.######.....y#.#
.#.# ##.....y.# ..#
###.....#


You could see 2 killer bees and an orc priest.

Vanquished Creatures
  A troll (D:9)
  Sigmund (D:6)
  Eustachio (D:6)
  A sky beast (D:4)
  2 orc warriors
  4 phantoms
  A necrophage (D:6)
  2 scorpions
  9 killer bees
  A hound (D:4)
  2 jellies (Sewer)
  3 orc priests
  An orc wizard (D:5)
  13 adders
  A river rat (Sewer)
  A shadow imp (D:5)
  5 ufetubi
  3 worms
  A dart slug (D:3)
  17 orcs
  6 bats
  13 endoplasms
  7 giant cockroaches
  9 goblins
  7 hobgoblins
  4 quokkas
  7 ball pythons
  5 frilled lizards
  7 kobolds
  9 rats
144 creatures vanquished.

Notes
Turn   | Place    | Note
-------+----------+-------------------------------------------
     0 | D:1      | KittyFluff the Gargoyle Berserker began the quest for the
                  | Orb.
     0 | D:1      | Reached XP level 1. HP: 14/14 MP: 1/1
   238 | D:1      | Reached XP level 2. HP: 9/19 MP: 2/2
   679 | D:1      | Found a faded altar of an unknown god.
  1120 | D:2      | Reached XP level 3. HP: 23/23 MP: 3/3
  2300 | D:3      | Reached ** piety under Trog
  2311 | D:3      | Reached skill level 4 in Maces & Flails
  2311 | D:3      | Reached XP level 4. HP: 18/29 MP: 4/4
  2644 | D:3      | Found a burning altar of Makhleb.
  2755 | D:4      | Found Cihoeh's Distillery.
  2954 | D:4      | Bought a potion of degeneration for 10 gold pieces
  2954 | D:4      | Bought a potion of attraction for 30 gold pieces
  3030 | D:4      | Reached XP level 5. HP: 33/33 MP: 5/5
  3490 | D:4      | Noticed a sky beast
  3539 | D:4      | Reached skill level 5 in Maces & Flails
  3552 | D:4      | Killed a sky beast
  3553 | D:4      | Reached skill level 1 in Stealth
  3553 | D:4      | Reached XP level 6. HP: 5/38 MP: 6/6
  4270 | D:5      | Entered Level 5 of the Dungeon
  4284 | D:5      | Reached skill level 6 in Maces & Flails
  4284 | D:5      | Reached XP level 7. HP: 40/43 MP: 7/7
  4382 | D:5      | Noticed a wraith
  4382 | D:5      | Noticed a yak
  4566 | D:5      | Found a glowing drain.
  4583 | Sewer    | Entered a sewer
  4679 | Sewer    | Reached *** piety under Trog
  4766 | Sewer    | Found a viscous altar of Jiyva.
  5006 | D:5      | Reached skill level 7 in Maces & Flails
  5011 | D:5      | HP: 3/66 [killer bee (2)]
  5012 | D:5      | HP: 1/66 [killer bee (3)]
  5515 | D:5      | Reached XP level 8. HP: 48/48 MP: 8/8
  6035 | D:6      | Found an iron altar of Okawaru.
  6036 | D:6      | Noticed Maggie
  6133 | D:6      | Found a shadowy altar of Dithmenos.
  6138 | D:6      | Reached skill level 8 in Maces & Flails
  6418 | D:6      | Noticed Sigmund
  6431 | D:6      | Killed Sigmund
  6432 | D:6      | Reached skill level 5 in Fighting
  6528 | D:6      | Noticed Eustachio
  6552 | D:6      | Killed Eustachio
  6553 | D:6      | Reached skill level 9 in Maces & Flails
  6676 | D:6      | Reached XP level 9. HP: 25/54 MP: 9/9
  6872 | D:6      | Reached skill level 5 in Armour
  6974 | D:6      | Found a glowing silver altar of Zin.
  6975 | D:6      | You are sucked into a shaft and drop 3 floors!
  6980 | D:9      | Noticed a troll
  6985 | D:9      | HP: 3/81 [troll (5)]
  6986 | D:9      | Killed a troll
  7310 | D:9      | Killed from afar by an orc priest

Illustrated notes

Levels and vault maps discovered:
D:1:      dpeg_arrival_tiny_b, layout_loops_cross,
          shapermc_ecumenical_altar_pompeii
D:2:      layout_loops_corners, chequers_serial_rivers_small_b,
          minmay_tetromino_o2
D:3:      kennysheep_six_static_rooms, layout_basic, mainiacjoe_overflow_paths
D:4:      layout_basic, nicolae_stop_n_shop_1, chequers_serial_rivers_micro_a
D:5:      layout_gridville, portal_sewer_entry_d, hellmonk_bongcloud_opening,
          lightli_corner_chamber
D:6:      layout_loops_ring, mainiacjoe_overflow_24_doors, zin_academy,
          grunt_dithmenos_shadows, uniq_maggie, uniq_eustachio, uniq_sigmund
D:9:      layout_loops_cross, grunt_gozag_statues, yredelemnul_altar_generic,
          enter_bailey_3, nicolae_underground_beach

Skill      XL: |  1  2  3  4  5  6  7  8  9 |
---------------+----------------------------+-----
Dodging        | 2 3 |  3.5
Maces & Flails | 4 5 6 7 9 |  9.7
Armour         | 3 4 5 |  5.3
Stealth        | 1 2 |  2.6
Fighting       | 4 5 |  5.6
Throwing       | |  0.4

Action                   |  1- 3 |  4- 6 |  7- 9 || total
-------------------------+-------+-------+-------++-------
Melee: Mace              |   158 |   144 |    26 ||   328
       Punch             |     1 |       |     4 ||     5
       Flail             |       |       |   208 ||   208
Throw: Stone             |       |     2 |       ||     2
Invok: Berserk           |     1 |     2 |     3 ||     6
  Use: Scroll            |       |     4 |     2 ||     6
 Stab: Sleeping          |       |       |     1 ||     1
Armor: Animal skin       |    39 |       |       ||    39
       Leather armour    |    38 |    62 |   108 ||   208
       Ring mail         |       |    10 |     4 ||    14
Dodge: Dodged            |   113 |    84 |   149 ||   346
